HSSL
BUTLER HS GOLDEN TORNADO @ MASCONOMET HS CHIEFTANS
04/02/2024
 
TOP OF THE 1ST
Butler HS Golden Tornado batting - Pitching for Masconomet HS Chieftans : LHP Daniel Roberts
Pitching: LHP Daniel Roberts
Batting: RHB Eddie Woods 0-0: Called Strike
0-1: Ball
1-1: Ball
2-1: Foul Ball, location: 2F
2-2: Fly out, F2 (Popup, 2R)
Batting: LHB Byron McIlmoyle 0-0: Called Strike
0-1: Ball
1-1: Ball
2-1: Ground out 6-3 (Groundball, 6M)
Batting: RHB Rafael Barajas 0-0: Fly out, F8 (Flyball, 8RM)
Top of the 1st over - 0 run(s), 0 hit(s), 0 error(s), 0 left on base; Butler HS 0 - Masconomet HS 0
BOTTOM OF THE 1ST
Masconomet HS Chieftans batting - Pitching for Butler HS Golden Tornado : RHP Kip Coleman
Pitching: RHP Kip Coleman
Batting: RHB Tyler Robinson 0-0: Called Strike
0-1: Ball
1-1: Ball
2-1: Reached on error, E5 (Groundball, 56S)
Batting: LHB Trent Andrews 0-0: Called Strike
0-1: Ball
1-1: Foul Ball, location: 2F
1-2: Strikes out swinging
Batting: RHB Clancy Castro 0-0: Ball
1-0: Ball
2-0: Ball
3-0: Called Strike
3-1: Base on Balls
Tyler Robinson to second
Batting: RHB Carlos Huerta 0-0: Foul Ball, location: 2F
0-1: Foul Ball, location: 2F
0-2: Ball
1-2: Foul Ball, location: 2F
1-2: Foul Ball, location: 2F
1-2: Ball
2-2: Fielders Choice at 2nd, 6-4 (Groundball, 6)
Tyler Robinson to third
Batting: LHB Aaron Atkins 0-0: Ball
1-0: Reached on Error, E8 (Line Drive, 8LM)
Tyler Robinson scores
Carlos Huerta to third
Batting: LHB Carlos Lacarra 0-0: Ball
1-0: Called Strike
1-1: Ball
2-1: Foul Ball, location: 2F
2-2: Foul Ball, location: 2F
2-2: Ball
3-2: Fly out, F8 (Flyball, 8RM)
Bottom of the 1st over - 1 run(s), 0 hit(s), 2 error(s), 2 left on base; Butler HS 0 - Masconomet HS 1
TOP OF THE 2ND
Butler HS Golden Tornado batting - Pitching for Masconomet HS Chieftans : LHP Daniel Roberts
Batting: LHB Jérémie Rivard 0-0: Foul Ball, location: 2F
0-1: Foul Ball, location: 2F
0-2: Ball
1-2: Foul Ball, location: 2F
1-2: Strikes out swinging
Batting: RHB Christian Nash 0-0: Swinging Strike
0-1: Foul Ball, location: 2F
0-2: Foul Ball, location: 2F
0-2: Strikes out swinging
Batting: SHB Bruce MacPherson 0-0: Called Strike
0-1: Ball
1-1: Swinging Strike
1-2: Strikes out swinging
Top of the 2nd over - 0 run(s), 0 hit(s), 0 error(s), 0 left on base; Butler HS 0 - Masconomet HS 1
BOTTOM OF THE 2ND
Masconomet HS Chieftans batting - Pitching for Butler HS Golden Tornado : RHP Kip Coleman
Batting: RHB Ryan Beck 0-0: Reached on error, E6 (Groundball, 6)
Batting: RHB António Rojas 0-0: Ball
1-0: Swinging Strike
1-1: Ball
2-1: Ball
3-1: Base on Balls
Ryan Beck to second
Batting: RHB Brian Jackson 0-0: Fielders Choice at 2nd, 5-4 (Groundball, 5)
Ryan Beck to third
Batting: RHB Tyler Robinson 0-0: Ball
1-0: Ball
2-0: Foul Ball, location: 2F
2-1: Ball
3-1: Foul Ball, location: 2F
3-2: Foul Ball, location: 2F
3-2: Foul Ball, location: 2F
3-2: Fly out, F8 (Flyball, 8LS)
Batting: LHB Trent Andrews 0-0: Ball
1-0: Called Strike
1-1: Ball
2-1: Ball
3-1: Foul Ball, location: 2F
3-2: Strikes out swinging
Bottom of the 2nd over - 0 run(s), 0 hit(s), 1 error(s), 2 left on base; Butler HS 0 - Masconomet HS 1
TOP OF THE 3RD
Butler HS Golden Tornado batting - Pitching for Masconomet HS Chieftans : LHP Daniel Roberts
Batting: LHB Dave Reynolds 0-0: Ball
1-0: Called Strike
1-1: Ball
2-1: Called Strike
2-2: Ground out 6-3 (Groundball, 6)
Batting: RHB José López 0-0: Ball
1-0: Called Strike
1-1: Ball
2-1: Foul Ball, location: 2F
2-2: Strikes out swinging
Batting: RHB Jimmy Myers 0-0: Ball
1-0: Ball
2-0: Swinging Strike
2-1: Called Strike
2-2: Fly out, F4 (Popup, 3D)
Top of the 3rd over - 0 run(s), 0 hit(s), 0 error(s), 0 left on base; Butler HS 0 - Masconomet HS 1
BOTTOM OF THE 3RD
Masconomet HS Chieftans batting - Pitching for Butler HS Golden Tornado : RHP Kip Coleman
Batting: RHB Clancy Castro 0-0: Ball
1-0: Fly out, F8 (Flyball, 8LM)
Batting: RHB Carlos Huerta 0-0: Ground out 4-3 (Groundball, 4)
Batting: LHB Aaron Atkins 0-0: Ball
1-0: Ball
2-0: Ball
3-0: Called Strike
3-1: Swinging Strike
3-2: Fly out, F8 (Flyball, 8LM)
Bottom of the 3rd over - 0 run(s), 0 hit(s), 0 error(s), 0 left on base; Butler HS 0 - Masconomet HS 1
TOP OF THE 4TH
Butler HS Golden Tornado batting - Pitching for Masconomet HS Chieftans : LHP Daniel Roberts
Batting: RHB Eddie Woods 0-0: Called Strike
0-1: Foul Ball, location: 2F
0-2: Strikes out swinging
Batting: LHB Byron McIlmoyle 0-0: DOUBLE (Line Drive, 3L)
Batting: RHB Rafael Barajas 0-0: Foul Ball, location: 2F
0-1: Fly out, F9 (Popup, 34D)
Batting: LHB Jérémie Rivard 0-0: Ball
1-0: Swinging Strike
1-1: Foul Ball, location: 2F
1-2: Foul Ball, location: 2F
1-2: Ball
2-2: Ball
3-2: Base on Balls
Batting: RHB Christian Nash 0-0: Ball
1-0: Ground out 6-3 (Groundball, 6)
Top of the 4th over - 0 run(s), 1 hit(s), 0 error(s), 2 left on base; Butler HS 0 - Masconomet HS 1
BOTTOM OF THE 4TH
Masconomet HS Chieftans batting - Pitching for Butler HS Golden Tornado : RHP Kip Coleman
Batting: LHB Carlos Lacarra 0-0: Ball
1-0: Fly out, F5 (Popup, 56)
Batting: RHB Ryan Beck 0-0: Ball
1-0: Ball
2-0: Ball
3-0: Base on Balls
Batting: RHB António Rojas 0-0: Called Strike
0-1: Ball
1-1: Swinging Strike
1-2: Foul Ball, location: 2F
1-2: Ball
2-2: SINGLE (Line Drive, 4D)
Ryan Beck to second
Batting: RHB Brian Jackson 0-0: Called Strike
0-1: Ball
1-1: Ball
2-1: Foul Ball, location: 2F
2-2: Ball
3-2: Base on Balls
Ryan Beck to third
António Rojas to second
Batting: RHB Tyler Robinson 0-0: Ball
1-0: Swinging Strike
1-1: Foul Ball, location: 2F
1-2: Ball
2-2: Ball
3-2: Base on Balls
Ryan Beck scores
António Rojas to third
Brian Jackson to second
Pitching: LHP Félix Turcotte
Batting: LHB Trent Andrews 0-0: Called Strike
0-1: Swinging Strike
0-2: Foul Ball, location: 2F
0-2: Ball
Wild Pitch!
António Rojas scores
Brian Jackson to third
Tyler Robinson to second
1-2: Ball
2-2: SINGLE (Groundball, 6MD) (infield hit)
Brian Jackson scores
Tyler Robinson to third
Batting: RHB Clancy Castro 0-0: Ball
1-0: Foul Ball, location: 2F
1-1: Ball
2-1: Foul Ball, location: 2F
2-2: Strikes out swinging
Batting: RHB Carlos Huerta 0-0: Foul Ball, location: 2F
0-1: Ball
1-1: DOUBLE (Line Drive, 5D)
Tyler Robinson scores
Trent Andrews to third
Batting: LHB Aaron Atkins 0-0: Called Strike
0-1: Ball
1-1: Ball
2-1: Called Strike
2-2: Ball
3-2: Foul Ball, location: 2F
3-2: Foul Ball, location: 2F
3-2: Foul Ball, location: 2F
3-2: Foul Ball, location: 2F
3-2: Base on Balls
Batting: LHB Carlos Lacarra 0-0: Called Strike
0-1: Ball
1-1: Ball
2-1: Swinging Strike
2-2: Ball
3-2: Foul Ball, location: 2F
3-2: Base on Balls
Trent Andrews scores
Carlos Huerta to third
Aaron Atkins to second
Batting: RHB Ryan Beck 0-0: Fly out, F4 (Popup, 4)
Bottom of the 4th over - 5 run(s), 3 hit(s), 0 error(s), 3 left on base; Butler HS 0 - Masconomet HS 6
TOP OF THE 5TH
Butler HS Golden Tornado batting - Pitching for Masconomet HS Chieftans : LHP Daniel Roberts
Batting: SHB Bruce MacPherson 0-0: Called Strike
0-1: Called Strike
0-2: Foul Ball, location: 2F
0-2: Ball
1-2: Foul Ball, location: 2F
1-2: Strikes out looking
Batting: LHB Dave Reynolds 0-0: Ball
1-0: SINGLE (Groundball, 4MS)
Batting: RHB José López 0-0: Called Strike
0-1: Ball
1-1: SINGLE (Line Drive, 8LS)
Dave Reynolds to second
Batting: RHB Jimmy Myers 0-0: Swinging Strike
0-1: Ball
1-1: Called Strike
1-2: Ground out 5-3 (Groundball, 5S)
Dave Reynolds to third
José López to second
Batting: RHB Eddie Woods 0-0: Ball
1-0: Swinging Strike
1-1: Swinging Strike
1-2: Ball
2-2: Ground out 1-3 (Groundball, 13S)
Top of the 5th over - 0 run(s), 2 hit(s), 0 error(s), 2 left on base; Butler HS 0 - Masconomet HS 6
BOTTOM OF THE 5TH
Masconomet HS Chieftans batting - Pitching for Butler HS Golden Tornado : LHP Félix Turcotte
Batting: RHB António Rojas 0-0: SOLO HOME RUN (Flyball, 7D), Distance : 390 ft
Batting: RHB Brian Jackson 0-0: Called Strike
0-1: Ball
1-1: Foul Ball, location: 2F
1-2: DOUBLE (Flyball, 9M)
Batting: RHB Tyler Robinson 0-0: SINGLE (Groundball, 34) (infield hit)
Brian Jackson to third
Batting: LHB Trent Andrews 0-0: Ball
1-0: Called Strike
1-1: Ball
2-1: Ball
3-1: SINGLE (Groundball, 6M) (infield hit)
Brian Jackson scores
Tyler Robinson to second
Batting: RHB Clancy Castro 0-0: Ball
1-0: Foul Ball, location: 2F
1-1: Swinging Strike
1-2: Ball
2-2: Grounds into double play, 1-4-3 (Groundball, 15S)
Tyler Robinson to third
Batting: RHB Carlos Huerta 0-0: Called Strike
0-1: Ball
Wild Pitch!
Tyler Robinson scores
1-1: Ball
2-1: Fly out, F3 (Popup, 34)
Bottom of the 5th over - 3 run(s), 4 hit(s), 0 error(s), 0 left on base; Butler HS 0 - Masconomet HS 9
TOP OF THE 6TH
Butler HS Golden Tornado batting - Pitching for Masconomet HS Chieftans : LHP Daniel Roberts
Batting: LHB Byron McIlmoyle 0-0: Ball
1-0: Called Strike
1-1: Ball
2-1: Swinging Strike
2-2: Strikes out swinging
Batting: RHB Rafael Barajas 0-0: Ball
1-0: Foul Ball, location: 2F
1-1: Foul Ball, location: 2F
1-2: Strikes out swinging
Batting: LHB Jérémie Rivard 0-0: Ball
1-0: Ball
2-0: Ball
3-0: Called Strike
3-1: Called Strike
3-2: Foul Ball, location: 2F
3-2: Ground out 4-3 (Groundball, 4)
Top of the 6th over - 0 run(s), 0 hit(s), 0 error(s), 0 left on base; Butler HS 0 - Masconomet HS 9
BOTTOM OF THE 6TH
Masconomet HS Chieftans batting - Pitching for Butler HS Golden Tornado : LHP Félix Turcotte
Pitching: LHP Craig Grant
Batting: LHB Aaron Atkins 0-0: Ball
1-0: Ball
2-0: Called Strike
2-1: Ball
3-1: Base on Balls
Batting: LHB Carlos Lacarra 0-0: Swinging Strike
0-1: Foul Ball, location: 2F
0-2: Ball
1-2: Foul Ball, location: 2F
1-2: Foul Ball, location: 2F
1-2: Foul Ball, location: 2F
1-2: Ball
2-2: Ball
3-2: Foul Ball, location: 2F
3-2: Strikes out swinging
Batting: RHB Ryan Beck 0-0: TRIPLE (Line Drive, 9M)
Aaron Atkins scores
Batting: RHB António Rojas 0-0: Called Strike
0-1: Ball
1-1: Ball
2-1: Swinging Strike
2-2: Strikes out swinging
Batting: RHB Brian Jackson 0-0: Foul Ball, location: 2F
0-1: Ball
1-1: SINGLE (Line Drive, 7S)
Ryan Beck scores
Batting: RHB Tyler Robinson 0-0: Ball
1-0: Ball
2-0: Called Strike
2-1: Swinging Strike
2-2: Foul Ball, location: 2F
2-2: Foul Ball, location: 2F
2-2: Foul Ball, location: 2F
2-2: Ground out 6-3 (Groundball, 6)
Bottom of the 6th over - 2 run(s), 2 hit(s), 0 error(s), 1 left on base; Butler HS 0 - Masconomet HS 11
TOP OF THE 7TH
Butler HS Golden Tornado batting - Pitching for Masconomet HS Chieftans : LHP Daniel Roberts
Pitching: RHP Kevin Hauk
Batting: RHB Christian Nash 0-0: SINGLE (Groundball, 6MD)
Batting: SHB Bruce MacPherson 0-0: Foul Ball, location: 2F
0-1: Ball
1-1: Foul Ball, location: 2F
1-2: Ball
2-2: Foul Ball, location: 2F
2-2: Ball
3-2: Grounds out, U3 (Groundball, 3L)
Batting: LHB Dave Reynolds 0-0: Called Strike
0-1: Hit by Pitch
Batting: RHB José López 0-0: Ball
1-0: SINGLE (Line Drive, 78M)
Christian Nash to third
Dave Reynolds to second
Batting: RHB Jimmy Myers 0-0: Ball
1-0: Ball
2-0: Called Strike
2-1: Ball
3-1: Base on Balls
Christian Nash scores
Dave Reynolds to third
José López to second
Batting: RHB Eddie Woods 0-0: Ball
1-0: Called Strike
1-1: GRAND SLAM HOME RUN (Flyball, 78XD), Distance : 433 ft
Pitching: LHP Paco Oliva
Batting: LHB Byron McIlmoyle 0-0: Ball
1-0: Called Strike
1-1: Ball
2-1: Fly out, F7 (Flyball, 7LMF)
Batting: RHB Rafael Barajas 0-0: Ball
1-0: Foul Ball, location: 2F
1-1: SINGLE (Groundball, 56)
Batting: LHB Jérémie Rivard 0-0: Ball
1-0: Called Strike
1-1: 2-RUN HOME RUN (Flyball, 89XD), Distance : 433 ft
Batting: RHB Christian Nash 0-0: Ground out 6-3 (Groundball, 6)
Top of the 7th over - 7 run(s), 5 hit(s), 0 error(s), 0 left on base; Butler HS 7 - Masconomet HS 11
BOTTOM OF THE 7TH
Masconomet HS Chieftans batting - Pitching for Butler HS Golden Tornado : LHP Craig Grant
Batting: LHB Trent Andrews 0-0: Foul Ball, location: 2F
0-1: Ball
1-1: Ball
2-1: Fly out, F5 (Popup, 5SF)
Batting: RHB Clancy Castro 0-0: Ground out 5-3 (Groundball, 5L)
Batting: RHB Carlos Huerta 0-0: Called Strike
0-1: Swinging Strike
0-2: Strikes out swinging
Bottom of the 7th over - 0 run(s), 0 hit(s), 0 error(s), 0 left on base; Butler HS 7 - Masconomet HS 11
TOP OF THE 8TH
Butler HS Golden Tornado batting - Pitching for Masconomet HS Chieftans : LHP Paco Oliva
Batting: SHB Bruce MacPherson 0-0: Ball
1-0: Ball
2-0: Swinging Strike
2-1: Foul Ball, location: 2F
2-2: Ball
3-2: Strikes out looking
Batting: LHB Dave Reynolds 0-0: Called Strike
0-1: Ball
1-1: Ball
2-1: Swinging Strike
2-2: Foul Ball, location: 2F
2-2: Ball
3-2: Foul Ball, location: 2F
3-2: Base on Balls
Batting: RHB José López 0-0: Called Strike
0-1: Foul Ball, location: 2F
0-2: Strikes out swinging
Batting: RHB Jimmy Myers 0-0: Fielders Choice at 2nd, 5-4 (Groundball, 56)
Top of the 8th over - 0 run(s), 0 hit(s), 0 error(s), 0 left on base; Butler HS 7 - Masconomet HS 11
BOTTOM OF THE 8TH
Masconomet HS Chieftans batting - Pitching for Butler HS Golden Tornado : LHP Craig Grant
Batting: LHB Aaron Atkins 0-0: Foul Ball, location: 2F
0-1: Foul Ball, location: 2F
0-2: Ball
1-2: Foul Ball, location: 2F
1-2: Ball
2-2: Foul Ball, location: 2F
2-2: Strikes out swinging
Batting: LHB Carlos Lacarra 0-0: Foul Ball, location: 2F
0-1: Called Strike
0-2: Ball
1-2: Strikes out swinging
Pitching: RHP Bill Hendricks
Batting: RHB Ryan Beck 0-0: Called Strike
0-1: Ball
1-1: Ball
2-1: Foul Ball, location: 2F
2-2: Ball
3-2: Ground out U3 (Groundball, 3S)
Bottom of the 8th over - 0 run(s), 0 hit(s), 0 error(s), 0 left on base; Butler HS 7 - Masconomet HS 11
TOP OF THE 9TH
Butler HS Golden Tornado batting - Pitching for Masconomet HS Chieftans : LHP Paco Oliva
Pitching: RHP Jim Hickman
Batting: RHB Eddie Woods 0-0: Ball
1-0: Swinging Strike
1-1: Swinging Strike
1-2: Fly out, F3 (Popup, 3SF)
Batting: LHB Byron McIlmoyle 0-0: Called Strike
0-1: Foul Ball, location: 2F
0-2: Ground out 4-3 (Groundball, 34)
Batting: RHB Rafael Barajas 0-0: Called Strike
0-1: Swinging Strike
0-2: Strikes out looking
Top of the 9th over - 0 run(s), 0 hit(s), 0 error(s), 0 left on base; Butler HS 7 - Masconomet HS 11
This league is powered by Out of the Park Baseball, the baseball management simulation game for PC, Mac and Linux
Saturday, April 9th, 2016 - OOTP Baseball 16.8 Build 38